AoeStats
← melodelfe

Oasis

509769169Analyzed
4v4 RM · 5d ago on Sep 28, 2026· 70m 19s· 8 players
Game mode
Random Map
Map size
Large (8 player)
Population
200
Speed
Normal
Resources
Standard
Victory
Conquest
Starting age
Dark Age
Ending age
Imperial Age
RankedLock teamsTeams togetherTeam positionsShared explorationLock speedFull tech treeHidden civsTurbo modeCheats
Victory
Defeat
🇺🇸 Danes · United States
996
+14
🇺🇸 Italians · United States
960
+15
🇺🇸 Burgundians · United States
918
+17
🇺🇸 Bulgarians · United States
894
+17
🇨🇱 Chinese · Chile
977
-17
🇺🇸 Saracens · United States
962
-17
🇺🇸 Japanese · United States
919
-15
🇦🇷 Spanish · Argentina
889
-14
Da G Un1t
11:34 Feudal Age
12:00 Double-Bit Axe
14:01 Horse Collar
19:52 Castle Age
21:36 Heavy Plow
21:50 Bow Saw
25:30 Wheelbarrow
27:13 Scale Mail Armor
27:23 Forging
27:43 Pikeman
29:47 Caravan
30:27 Iron Casting
30:07 Chain Mail Armor
33:28 Imperial Age
31:20 Squires
32:36 Fletching
32:47 Padded Archer Armor
32:55 Scale Barding Armor
35:47 Blast Furnace
35:17 Plate Mail Armor
35:19 Husbandry
35:29 Bloodlines
35:43 Ballistics
35:19 Murder Holes
37:29 Siege Engineers
37:25 Bodkin Arrow
37:45 Leather Archer Armor
37:51 Chain Barding Armor
37:54 Heavy Cavalry Archer
39:00 Parthian Tactics
38:45 Thumb Ring
39:24 Conscription
39:57 Ring Archer Armor
39:28 Bracer
49:10 Halberdier
xFREEtheCHIEFx
0:28 Loom
12:13 Feudal Age
14:09 Horse Collar
14:32 Double-Bit Axe
18:10 Castle Age
21:14 Heavy Plow
22:11 Bow Saw
26:52 Husbandry
27:40 Bloodlines
28:08 Gold Mining
28:56 Wheelbarrow
31:16 Forging
31:12 Scale Barding Armor
31:36 Fortified Wall
31:47 Ballistics
33:18 Iron Casting
33:04 Chain Barding Armor
32:55 Stone Mining
33:43 Fletching
35:11 Hand Cart
38:56 Caravan
39:27 Coinage
41:54 Imperial Age
39:24 Light Cavalry
40:57 Town Watch
42:13 Onager
43:03 Siege Engineers
44:21 Chemistry
44:39 Heavy Camel Rider
46:23 Blast Furnace
45:59 Plate Barding Armor
46:44 Counterweights
51:33 Hussar
55:11 Crossbowman
56:00 Thumb Ring
SMNT-Chifuego
13:41 Feudal Age
11:56 Loom
15:24 Bloodlines
21:52 Double-Bit Axe
23:50 Horse Collar
27:18 Castle Age
25:54 Wheelbarrow
28:44 Fletching
30:17 Squires
43:01 Husbandry
Hindues
0:38 Loom
10:37 Feudal Age
11:53 Double-Bit Axe
12:02 Stone Mining
14:42 Town Watch
22:02 Castle Age
21:44 Gold Mining
25:12 Bow Saw
24:46 Horse Collar
25:45 Stone Shaft Mining
30:57 Imperial Age
33:36 Two-Man Saw
33:16 Gold Shaft Mining
32:07 Pikeman
32:44 Halberdier
32:54 Halberdier
34:25 Heavy Rocket Cart
50:23 Elite Fire Lancer
58:27 Man-at-Arms
Ordinary Housecrab
2:50 Loom
10:50 Feudal Age
9:49 Double-Bit Axe
10:09 Gold Mining
12:33 Bow Saw
16:59 Horse Collar
19:38 Wheelbarrow
19:41 Gold Shaft Mining
22:37 Castle Age
21:33 Hand Cart
23:26 Husbandry
23:38 Scale Barding Armor
23:44 Forging
23:02 Cavalier
32:28 Caravan
41:04 Imperial Age
37:59 Elite Skirmisher
40:39 Fletching
40:56 Burgundian Vineyards
41:17 Heavy Plow
41:07 Paladin
43:08 Bodkin Arrow
43:14 Padded Archer Armor
48:30 Chemistry
53:24 Crop Rotation
55:05 Light Cavalry
57:00 Hussar
58:43 Flemish Revolution
68:33 Scale Mail Armor
70:01 Ballistics
69:22 Treadmill Crane
69:53 Masonry
70:17 Bracer
cooteRcow
13:03 Feudal Age
11:19 Loom
13:50 Double-Bit Axe
13:47 Horse Collar
16:38 Wheelbarrow
23:00 Castle Age
20:48 Town Watch
21:34 Scale Mail Armor
22:15 Fletching
22:25 Padded Archer Armor
23:09 Forging
23:43 Gold Mining
25:10 Bodkin Arrow
25:31 Leather Archer Armor
26:18 Town Watch
27:36 Caravan
28:32 Hand Cart
28:07 Arson
29:03 Pikeman
29:44 Squires
29:06 Man-at-Arms
30:58 Bow Saw
31:37 Heavy Plow
33:00 Town Patrol
33:54 Long Swordsman
34:04 Crossbowman
38:10 Imperial Age
36:58 Silk Road
39:20 Elite Genoese Crossbowman
42:43 Two-Handed Swordsman
43:33 Thumb Ring
43:32 Bracer
44:02 Ring Archer Armor
43:15 Elite Skirmisher
44:22 Champion
47:32 Iron Casting
47:12 Chain Mail Armor
53:46 Blast Furnace
53:01 Chain Mail Armor
57:53 Plate Mail Armor
57:30 Scale Barding Armor
60:27 Arbalester
67:30 Chemistry
melodelfe
5:02 Loom
12:43 Feudal Age
16:42 Castle Age
14:37 Double-Bit Axe
15:03 Horse Collar
17:43 Wheelbarrow
17:26 Forging
20:20 Scale Mail Armor
21:18 Chain Mail Armor
27:40 Iron Casting
28:31 Bow Saw
29:48 Heavy Plow
29:40 Gold Mining
30:53 Hamask
34:24 Squires
34:10 Arson
34:42 Stone Mining
35:28 Gold Shaft Mining
37:01 Gold Shaft Mining
37:01 Stone Shaft Mining
40:03 Hand Cart
40:27 Stone Shaft Mining
42:42 Imperial Age
40:52 Town Watch
43:11 Elite Jomsviking
43:37 Northmen's Fury
44:01 Onager
45:45 Conscription
46:03 Plate Mail Armor
46:25 Siege Onager
51:42 Siege Engineers
52:48 Chemistry
52:09 Ballistics
52:00 Caravan
55:12 Elite Varangian Guard
57:49 Town Patrol
58:02 Masonry
59:39 Blast Furnace
58:31 Fletching
63:37 Bodkin Arrow
63:40 Murder Holes
66:33 Chemistry
65:20 Arrowslits
65:26 Guard Tower
66:49 Hoardings
Coffee Pup
5:56 Loom
11:47 Feudal Age
16:27 Wheelbarrow
18:42 Town Watch
21:20 Castle Age
23:26 Forging
24:13 Scale Barding Armor
26:10 Arson
27:35 Double-Bit Axe
31:19 Chain Barding Armor
32:35 Stirrups
33:12 Ballistics
33:05 Masonry
37:11 Murder Holes
38:22 Hand Cart
43:32 Imperial Age
43:28 Horse Collar
44:00 Fletching
44:46 Iron Casting
44:12 Scale Mail Armor
44:12 Padded Archer Armor
44:38 Conscription
47:21 Plate Barding Armor
47:01 Chain Mail Armor
47:36 Architecture
46:42 Elite Konnik
47:49 Bloodlines
47:39 Husbandry
47:54 Bodkin Arrow
49:02 Blast Furnace
47:59 Bodkin Arrow
53:06 Light Cavalry
54:53 Bow Saw
55:13 Thumb Ring
56:20 Caravan
58:56 Hussar
61:35 Plate Mail Armor
64:00 Illumination
67:47 Heavy Plow
70:53 Chemistry
70:00 Siege Engineers
Connection lost

Rejoining the realm…

Still unreachable

The connection could not be restored.

Session expired

The server has moved on; the page needs a fresh start.